 Dungeon Crawl Stone Soup version 0.29-a0-284-gf9362112df (webtiles) character file.

Game seed: 14687182755726695608

11341 sammy202020 the Fighter (level 11, -17/93 HPs)
             Began as a Demonspawn Berserker on Mar 30, 2022.
             Was a High Priest of Trog.
             Shot with an arrow by Nessos (19 damage)
             ... on level 12 of the Dungeon.
             The game lasted 00:17:36 (12539 turns).

sammy202020 the Fighter (Demonspawn Berserker)     Turns: 12539, Time: 00:17:38

Health: -17/93     AC: 21    Str: 24    XL:     11   Next: 48%
Magic:  0/11       EV:  9    Int:  9    God:    Trog [*****.]
Gold:   236        SH:  0    Dex: 12    Spells: 10/10 levels left

rFire   + + .      SeeInvis .   j - +11 halberd "Olobbad" {venom, *Noise rPois rF++ rCorr}
rCold   . . .      Faith    .   (shield currently unavailable)
rNeg    . . .      Spirit   +   c - +0 plate armour
rPois   +          Reflect  .   A - +2 hat
rElec   .          Harm     .   z - +2 cloak
rCorr   +          Rampage  .   (no gloves)
Will    .....                   (no boots)
Stlth   ..........              x - amulet of guardian spirit
HPRegen 0.25/turn               u - ring of resist corrosion
MPRegen 0.24/turn               k - ring of flight

@: flying
A: molten scales 1, ignite blood 1, magic regeneration, demonic touch 2, strong
1
a: Renounce Religion, Berserk, Trog's Hand, Brothers in Arms


You were on level 12 of the Dungeon.
You worshipped Trog.
Trog was extremely pleased with you.
You visited 1 branch of the dungeon, and saw 12 of its levels.

You collected 664 gold pieces.
You spent 428 gold pieces at shops.

Inventory:

Hand Weapons
 a - a +0 hand axe
 d - a +2 mace of venom
 j - the +11 halberd "Olobbad" (weapon) {venom, *Noise rPois rF++ rCorr}
   (You found it on level 5 of the Dungeon)

   It poisons the flesh of those it strikes.
   rF:        It greatly protects you from fire.
   rPois:     It protects you from poison.
   *Noise:    It may make noises in combat.
   rCorr:     It protects you from acid and corrosion.
 p - the +9 hunting sling of Valour {vorpal, rN+}
   (You found it on level 4 of the Dungeon)

   Any ammunition fired from it inflicts extra damage upon your enemies.
   rN:        It protects you from negative energy.
Missiles
 f - 3 javelins (quivered)
 g - 8 poisoned darts
 w - 2 throwing nets
 F - a curare-tipped dart
Armour
 c - a +0 plate armour (worn)
 i - a +0 chain mail of poison resistance
 z - a +2 cloak (worn)
 A - a +2 hat (worn)
Jewellery
 b - a ring of protection from fire
 k - a ring of flight (right hand)
 n - an amulet of faith
 t - a +6 ring of dexterity
 u - a ring of resist corrosion (left hand)
 v - a ring of protection from fire
 x - an amulet of guardian spirit (around neck)
 C - a ring of protection from cold
Wands
 l - a wand of iceblast (17)
 D - a wand of acid (4)
 L - a wand of flame (8)
Scrolls
 o - 2 scrolls of enchant weapon
 q - 6 scrolls of identify
 r - a scroll of blinking
 y - 2 scrolls of fear
 E - 3 scrolls of teleportation
 H - 2 scrolls of enchant armour
Potions
 e - 4 potions of curing
 h - 2 potions of brilliance
 m - a potion of attraction
 s - a potion of magic
 B - a potion of lignification
 G - a potion of flight
 I - a potion of mutation
 J - a potion of invisibility


   Skills:
 * Level 11.1 Fighting
 - Level 3.6(5.5) Axes
 + Level 6.4(6.9) Polearms
 * Level 10.0 Armour
 + Level 7.0 Dodging


You had 10 spell levels left.
You didn't know any spells.
Your spell library was empty.

Dungeon Overview and Level Annotations

Branches:
Dungeon (12/15)            Temple (0/1) D:5            Lair (0/6) D:10
    Orc (0/2) D:11

Altars:
Gozag
Kikubaaqudgha
Trog
Uskayaw
Wu Jian
Xom
The Shining One

Shops:
D:2 :[=!

Annotations:
D:12 Nessos


Innate Abilities, Weirdness & Mutations

You are partially covered in molten scales. (AC +2)
Your demonic aura sometimes causes spilled blood to erupt in flames.
You regenerate magic rapidly.
Your touch may inflict irresistible damage on your foes.
Your muscles are strong. (Str +2)


Message History

Nessos kicks you but does no damage.
Nessos is engulfed in blazing flames.
Nessos hits you but does no damage. Nessos kicks you but does no damage.
Nessos is engulfed in blazing flames.
Nessos hits you but does no damage. Nessos kicks you but does no damage.
You completely miss Nessos.
Nessos is severely wounded.
Nessos is engulfed in blazing flames.
Nessos completely misses you. Nessos kicks you but does no damage.
Nessos is engulfed in blazing flames.
Nessos closely misses you. Nessos kicks you but does no damage.
You hit Nessos.
Nessos is almost dead.
Nessos is engulfed in blazing flames.
Nessos casts a spell.
Nessos blinks!
Nessos wields a +3 longbow of flaming.
It bursts into flame!
Nessos shoots an arrow.
The arrow hits you! The arrow burns you.
Nessos shoots an arrow.
The arrow barely misses you.
Nessos mumbles some strange words.
Nessos blinks!
Nessos shoots an arrow.
The arrow hits you.
There is an open door, spattered with blood here.
Nessos mumbles some strange words.
Nessos blinks!
Nessos gestures wildly while chanting.
Nessos blinks!
Nessos shoots an arrow.
The arrow hits you!
Nessos shoots an arrow.
The arrow closely misses you.
You are too injured to fight recklessly!
You are too injured to fight recklessly!
Nessos shoots an arrow.
The arrow completely misses you.
Nessos shoots an arrow.
The arrow hits you!
* * * LOW HITPOINT WARNING * * *
Nessos shoots an arrow.
The arrow hits you!
* * * LOW HITPOINT WARNING * * *
Nessos shoots an arrow.
The arrow hits you but does no damage.
Unknown command.
You feel better.
Nessos looks more healthy.
Nessos shoots an arrow.
The arrow hits you!!
* * * LOW HITPOINT WARNING * * *
The arrow burns you.
* * * LOW HITPOINT WARNING * * *
Nessos shoots an arrow.
The arrow hits you!!
You die...

..# #.# #.# #.#
#.# #.#####.#
#.......#
######'##
#####@°....#
#..c..######
###'#######
#.........#
#.........#
#......^).#
########.........#
.......'.........#
########<........#


You could see Nessos (fast).

Vanquished Creatures
  2 two-headed ogres
  3 cyclopes (D:11)
  An unseen horror (D:11)
  A kobold demonologist (D:9)
  5 trolls
  2 hornets
  A shadow (D:11)
  17 yaks
  2 wyverns
  A wraith (D:11)
  2 vampire mosquitoes (D:10)
  3 acid dragons
  3 water moccasins
  2 ice beasts
  2 sky beasts
  2 black bears
  3 centaurs
  A phantom (D:5)
  A kobold brigand (D:10)
  4 bullfrogs
  A necrophage (D:6)
  A gnoll sergeant (D:10)
  A scorpion (D:6)
  5 wights (D:9)
  8 killer bees (D:8)
  3 howler monkeys (D:10)
  2 hounds
  3 jellies
  9 orc priests
  2 gnoll shamans
  Crazy Yiuf (D:7)
  7 orc wizards
  6 iguanas
  8 adders
  8 gnolls
  A shadow imp (D:8)
  A white imp (D:6)
  An ufetubus (D:6)
  2 worms (D:2)
  A dart slug (D:3)
  28 orcs
  9 endoplasms
  4 giant cockroaches
  4 goblins
  6 hobgoblins
  7 jackals
  4 quokkas
  10 ball pythons
  5 bats
  A frilled lizard (D:3)
  8 kobolds
  7 rats
222 creatures vanquished.

Vanquished Creatures (others)
  2 demonic plants (D:1)
  11 fungi (D:10)
  13 plants (D:10)
  A withered plant (D:11)
27 creatures vanquished.

Grand Total: 249 creatures vanquished

Notes
Turn   | Place    | Note
-------+----------+-------------------------------------------
     0 | D:1      | sammy202020 the Demonspawn Berserker began the quest for
                  | the Orb.
     0 | D:1      | Reached XP level 1. HP: 18/18 MP: 1/1
   129 | D:1      | Gained mutation: You are partially covered in molten
                  | scales. (AC +2) [demonic ancestry]
   129 | D:1      | Reached XP level 2. HP: 21/24 MP: 2/2
  1076 | D:1      | Gained mutation: You regenerate magic rapidly. [demonic
                  | ancestry]
  1076 | D:1      | Reached XP level 3. HP: 29/29 MP: 3/3
  1110 | D:1      | Found a faded altar of an unknown god.
  1110 | D:1      | Noticed a tormentor
  1173 | D:2      | Reached ** piety under Trog
  1250 | D:2      | Found Juel's Book Boutique.
  1433 | D:2      | Found Pory Dug Famn's Armour Boutique.
  1696 | D:2      | Reached XP level 4. HP: 34/36 MP: 4/4
  1827 | D:2      | Found Fisuodas's Distillery.
  1962 | D:2      | Found Rionexaf's Jewellery Shoppe.
  2240 | D:3      | You fall into a shaft and drop 2 floors!
  2240 | D:5      | Entered Level 5 of the Dungeon
  2276 | D:5      | Identified the +11 halberd "Olobbad" {venom, *Noise rPois
                  | rF++ rCorr}
  2373 | D:5      | Noticed a phantom
  2378 | D:5      | Killed a phantom
  2379 | D:5      | Reached skill level 4 in Fighting
  2379 | D:5      | Reached XP level 5. HP: 33/42 MP: 5/5
  2515 | D:5      | Reached skill level 1 in Polearms
  2515 | D:5      | Gained mutation: Your demonic aura sometimes causes spilled
                  | blood to erupt in flames. [demonic ancestry]
  2515 | D:5      | Reached XP level 6. HP: 49/49 MP: 6/6
  2602 | D:5      | Noticed a sky beast
  2611 | D:5      | Killed a sky beast
  2777 | D:5      | Found a staircase to the Ecumenical Temple.
  2786 | D:5      | Noticed an ice beast
  2793 | D:5      | Killed an ice beast
  2793 | D:5      | Reached *** piety under Trog
  2794 | D:5      | Reached skill level 5 in Fighting
  2794 | D:5      | Reached XP level 7. HP: 21/56 MP: 7/7
  3790 | D:4      | Identified the +9 hunting sling of Valour {vorpal, rN+}
  5222 | D:2      | Bought a ring of resist corrosion for 220 gold pieces
  5388 | D:6      | Found a bloodstained altar of Trog.
  5437 | D:6      | Reached skill level 5 in Armour
  5443 | D:6      | Reached skill level 6 in Fighting
  5443 | D:6      | Gained mutation: Your touch may inflict minor irresistible
                  | damage on your foes. [demonic ancestry]
  5443 | D:6      | Reached XP level 8. HP: 10/64 MP: 8/8
  5967 | D:6      | Reached **** piety under Trog
  7023 | D:7      | Reached skill level 7 in Fighting
  7297 | D:7      | Found a runed translucent door.
  7298 | D:7      | Noticed Crazy Yiuf
  7365 | D:7      | Killed Crazy Yiuf
  7629 | D:7      | Found a hide-covered altar of Uskayaw.
  7629 | D:7      | Found an ornate altar of the Wu Jian Council.
  7643 | D:7      | Found an ancient bone altar of Kikubaaqudgha.
  7661 | D:7      | Found an opulent altar of Gozag.
  7772 | D:8      | Gained mutation: Your touch may inflict irresistible damage
                  | on your foes. [demonic ancestry]
  7772 | D:8      | Reached XP level 9. HP: 67/72 MP: 9/9
  7790 | D:8      | Reached skill level 8 in Fighting
  8197 | D:8      | Reached skill level 5 in Dodging
  8835 | D:9      | Noticed a troll
  8838 | D:9      | Noticed a kobold demonologist
  8854 | D:9      | Killed a troll
  8866 | D:9      | Noticed a sixfirhy
  8881 | D:9      | Killed a kobold demonologist
  8882 | D:9      | Reached XP level 10. HP: 49/82 MP: 7/10
  8891 | D:9      | Reached skill level 9 in Fighting
  9068 | D:9      | Noticed a two-headed ogre
  9074 | D:9      | Killed a two-headed ogre
  9075 | D:9      | Reached skill level 5 in Polearms
  9982 | D:10     | Entered Level 10 of the Dungeon
  9989 | D:10     | Found a staircase to the Lair.
 10319 | D:10     | Noticed a two-headed ogre
 10337 | D:10     | Killed a two-headed ogre
 10338 | D:10     | Reached skill level 10 in Fighting
 10685 | D:10     | Found a shimmering altar of Xom.
 10735 | D:10     | Reached XP level 11. HP: 74/92 MP: 8/11
 10930 | D:2      | Bought a potion of mutation for 104 gold pieces
 10930 | D:2      | Bought a potion of mutation for 104 gold pieces
 10931 | D:2      | Gained mutation: Your muscles are strong. (Str +2) [potion
                  | of mutation]
 10931 | D:2      | Gained mutation: Your magical capacity is low. (-10% MP)
                  | [potion of mutation]
 10931 | D:2      | Lost mutation: Your magical capacity is low. (-10% MP)
                  | [potion of mutation]
 11466 | D:11     | Reached ***** piety under Trog
 11499 | D:11     | Found a staircase to the Orcish Mines.
 11831 | D:11     | Found an ancient bone altar of Kikubaaqudgha.
 12231 | D:11     | Reached skill level 11 in Fighting
 12310 | D:11     | Reached skill level 10 in Armour
 12522 | D:12     | Noticed Nessos
 12539 | D:12     | HP: 3/93 [Nessos/arrow (18)]
 12539 | D:12     | Shot with an arrow by Nessos

Illustrated notes

Levels and vault maps discovered:
D:1:      grunt_arrival_crossed_arrows, layout_loops_corners,
          dreamdust_ecumenical_altar_sealed_demon
D:2:      layout_loops_ring, serial_shops, nicolae_shop_hallway_stairs, shop,
          nicolae_shop_statue_plus, nicolae_shop_statue_plus
D:3:      layout_basic
D:4:      layout_layer_cave, fountainhead, dk_noncrumbling_2
D:5:      layout_rooms, temple_fountains
D:6:      layout_rooms, mainiacjoe_overflow_catwalk
D:7:      layout_basic, grunt_temple_overflow_open, hangedman_decor_slide_cut,
          uniq_crazy_yiuf_cottage
D:8:      layout_basic, kennysheep_generic_room_12
D:9:      layout_rooms, hangedman_decor_peaks_small,
          amcnicky_mini_corridor_feature
D:10:     layout_gridville, lemuel_tele_altar, due_lair_maze_entry_diamond,
          minmay_fractal_squares_diagonal_5
D:11:     layout_loops_ring, orc_0_dummy, kiku_gazebo_garden_becter
D:12:     layout_roguey, serial_shops, nicolae_stop_n_shop_2, shop, shop,
          uniq_nessos

Skill      XL: |  1  2  3  4  5  6  7  8  9 10 11 |
---------------+----------------------------------+-----
Armour         | 2 3 4 5 6 7 9 10 | 10.0
Axes           | 3 |  3.6
Dodging        | 2 3 4 5 6 7 |  7.0
Fighting       | 4 5 6 7 8 10 11 | 11.1
Polearms       | 1 2 3 4 5 6 |  6.4

Action                   |  1- 3 |  4- 6 |  7- 9 | 10-12 || total
-------------------------+-------+-------+-------+-------++-------
Melee: Hand axe          |   111 |    37 |       |       ||   148
       Punch             |     5 |       |       |       ||     5
       Halberd           |       |    26 |   199 |   179 ||   404
Invok: Berserk           |       |       |     3 |     1 ||     4
       Trog's Hand       |       |       |     1 |     1 ||     2
  Use: Scroll            |     1 |       |    12 |     5 ||    18
       Potion            |       |       |     2 |     2 ||     4
Armor: Plate armour      |    86 |    32 |   130 |   159 ||   407
       Animal skin       |     1 |       |       |       ||     1
Dodge: Dodged            |    36 |    17 |    71 |    96 ||   220

Table legend: (Time is in decaauts)
 A = Elapsed time spent in this place.
 B = Non-inter-level travel time spent in this place.
 C = Inter-level travel time spent in this place.
 D = Time resting spent in this place.
 E = Time spent auto-exploring this place.
 F = Levels seen in this place.
 G = Mean time per level.
                   A        B        C        D        E       F      G
               +--------+--------+--------+--------+--------+-----+--------+
         Total |  12696 |  12000 |    696 |   1439 |   8525 |  12 | 1058.0 |
       Dungeon |  12696 |  12000 |    696 |   1439 |   8525 |  12 | 1058.0 |
               +--------+--------+--------+--------+--------+-----+--------+

Top non-repeatable levels by time:
     D:7: 1673 daAuts
     D:2: 1240 daAuts
    D:10: 1182 daAuts
     D:9: 1167 daAuts
     D:1: 1159 daAuts
     D:8: 1143 daAuts
     D:5: 1130 daAuts
     D:4: 1130 daAuts
    D:11: 1049 daAuts
     D:3: 918 daAuts
     D:6: 864 daAuts
    D:12: 37 daAuts
